 Dungeon Crawl Stone Soup version 0.20.1-2-g1830e616b0 (webtiles) character file.

1108 Alfie the Archer (level 8, -5/70 HPs)
             Began as a Minotaur Hunter on Feb 7, 2020.
             Slain by an orc warrior
             ... wielding a +0 halberd
              (26 damage)
             ... on level 6 of the Dungeon.
             The game lasted 00:16:07 (4439 turns).

Alfie the Archer (Minotaur Hunter)                  Turns: 4439, Time: 00:16:08

Health: -5/70      AC:  4    Str: 19    XL:     8   Next: 11%
Magic:  7/7        EV: 12    Int:  8    God:
Gold:   404        SH:  0    Dex: 11    Spells: 5/7 levels left

rFire    . . .     SeeInvis .   C - +3 battleaxe
rCold    . . .     Gourm    .   (shield currently unavailable)
rNeg     . . .     Faith    .   c - +1 leather armour
rPois    .         Spirit   .   (helmet restricted)
rElec    .         Reflect  .   (no cloak)
rCorr    .         Harm     .   (no gloves)
MR       .....                  (no boots)
Stlth    +.........             (no amulet)
Regen    0.3/turn               (no ring)
MPRegen  0.1/turn               (no ring)

@: no status effects
A: retaliatory headbutt, horns 2
a: no special abilities


You were on level 6 of the Dungeon.
You were not hungry.

You visited 1 branch of the dungeon, and saw 6 of its levels.

You collected 404 gold pieces.

Inventory:

Hand Weapons
 a - a +1 shortbow
 b - a +0 short sword
 C - a +3 battleaxe (weapon)
 D - a +3 morningstar
 E - a cursed +4 long sword
Missiles
 d - 103 arrows
 p - 7 tomahawks (quivered)
 y - 5 tomahawks of returning
Armour
 c - a +1 leather armour (worn)
Wands
 u - a wand of enslavement (24/24)
 B - a wand of confusion (41/48)
 F - a wand of random effects (26/48)
Scrolls
 g - 4 scrolls of teleportation
 h - a scroll of recharging
 j - 6 scrolls of identify
 k - a scroll of remove curse
 n - a scroll of enchant weapon {unknown}
 q - a scroll of enchant armour
 r - 2 scrolls of magic mapping
Potions
 e - 4 potions of brilliance
 i - a potion of flight {unknown}
 l - a potion of heal wounds {unknown}
 m - a potion of agility {unknown}
 s - a potion of resistance {unknown}
 w - a potion of curing {unknown}
 x - 2 potions of mutation {unknown}
 z - 2 potions of lignification {unknown}
 G - a potion of degeneration {unknown}
Comestibles
 f - 2 bread rations
 o - a meat ration


   Skills:
 + Level 5.7 Fighting
 + Level 9.4 Bows
 + Level 3.1 Armour
 + Level 2.7 Dodging
 + Level 1.5 Stealth
 + Level 0.1 Evocations


You had 5 spell levels left.
You knew the following spells:

 Your Spells              Type           Power        Failure   Level  Hunger
a - Corona                Hex            #......      45%         1    ##.....
b - Beastly Appendage     Tmut           #.....       45%         1    ##.....


Dungeon Overview and Level Annotations

Branches:
Dungeon (6/15)
 Temple: D:4-7

Altars:
Cheibriados
Hepliaklqana
Makhleb
Okawaru
Zin


Innate Abilities, Weirdness & Mutations

You reflexively headbutt those who attack you in melee.
You have a pair of horns on your head.


Message History

The arrow hits the orc.
The orc is heavily wounded.
Firing (i - inventory. (,) - cycle):
d - 104 arrows (quivered)
Press: ? - help, Shift-Dir - straight line, f/p - orc warrior
Aim: an orc warrior, wielding a halberd and wearing a chain mail (moderately wounded)
You shoot an arrow.
The arrow barely misses the orc warrior.
The arrow barely misses the orc.
There is an open door here.
Wield which item (- for none, * to show all)? (? for menu, Esc to quit)
C - a +3 battleaxe (weapon)
The orc warrior hits you from afar with a halberd!
The orc warrior hits you from afar with a halberd!
You barely miss the orc. Your headbutt misses the orc.
The orc is heavily wounded.
The orc warrior hits you from afar with a halberd!!
* * * LOW HITPOINT WARNING * * *
The orc hits you but does no damage.
The orc warrior hits you from afar with a halberd!!
You die...

#.....#....†....#......######
......#....^....#......#
......#.........+.....)#
......#....##...#......# .
<.....#....##...#......# .(
##...##...#....[.# (((
#...##...#......#####.(..
#...#....#######...o..... ..
#....@ooo..#.........
##...##oo..'.o.......
#...##....#.........
..........>#....)....
.............#.........
..............#.........
###############.........
##########


You could see an orc warrior and 4 orcs.

Vanquished Creatures
  Eustachio (D:5)
  A phantom (D:4)
  Blork the orc (D:6)
  4 wights (D:6)
  A howler monkey (D:4)
  2 crimson imps
  A bullfrog zombie (D:5)
  A hound (D:5)
  A jelly (D:6)
  A gnoll shaman (D:6)
  2 iguanas
  2 orc wizards
  A hound skeleton (D:5)
  10 gnolls
  12 adders
  3 shadow imps
  An ooze (D:2)
  An adder skeleton (D:4)
  A dart slug (D:1)
  3 leopard geckos
  7 orcs
  3 giant cockroaches
  6 goblins
  3 hobgoblins
  11 jackals
  A quokka (D:2)
  A ball python (D:1)
  5 bats
  2 frilled lizards
  7 kobolds
  5 rats
101 creatures vanquished.

Notes
Turn   | Place    | Note
-------+----------+-------------------------------------------
     0 | D:1      | Alfie the Minotaur Hunter began the quest for the Orb.
     0 | D:1      | Reached XP level 1. HP: 18/18 MP: 0/0
   433 | D:1      | Reached XP level 2. HP: 22/25 MP: 1/1
   555 | D:1      | Reached skill level 5 in Bows
   865 | D:2      | Found a faded altar of an unknown god.
   887 | D:2      | Reached XP level 3. HP: 24/30 MP: 2/2
  1018 | D:2      | Reached skill level 1 in Armour
  1209 | D:2      | Found a snail-covered altar of Cheibriados.
  1209 | D:2      | Found a glowing silver altar of Zin.
  1716 | D:3      | Reached skill level 1 in Stealth
  1747 | D:3      | Reached XP level 4. HP: 33/37 MP: 3/3
  2048 | D:3      | Reached skill level 6 in Bows
  2076 | D:3      | Reached XP level 5. HP: 25/45 MP: 4/4
  2828 | D:4      | Reached XP level 6. HP: 52/52 MP: 5/5
  2861 | D:4      | Found a hazy altar of Hepliaklqana.
  2987 | D:4      | Reached skill level 7 in Bows
  3250 | D:5      | Entered Level 5 of the Dungeon
  3259 | D:5      | Learned a level 1 spell: Corona
  3276 | D:5      | Noticed Eustachio
  3287 | D:5      | Killed Eustachio
  3324 | D:5      | Learned a level 1 spell: Beastly Appendage
  3346 | D:5      | Reached XP level 7. HP: 57/60 MP: 6/6
  3455 | D:5      | Reached skill level 8 in Bows
  3767 | D:5      | Reached skill level 5 in Fighting
  4067 | D:6      | Found an iron altar of Okawaru.
  4130 | D:6      | Reached skill level 9 in Bows
  4204 | D:6      | Noticed Blork the orc
  4214 | D:6      | Killed Blork the orc
  4214 | D:6      | Reached XP level 8. HP: 52/69 MP: 7/7
  4307 | D:6      | Found a burning altar of Makhleb.
  4439 | D:6      | Slain by an orc warrior

Skill      XL: |  1  2  3  4  5  6  7 |
---------------+----------------------+-----
Bows           | 5 6 7 9 |  9.4
Armour         | 1 2 3 |  3.1
Stealth        | 1 |  1.5
Fighting       | 3 4 5 |  5.7
Dodging        | |  2.7
Evocations     | |  0.1

Action                   |  1- 3 |  4- 6 |  7- 9 || total
-------------------------+-------+-------+-------++-------
Melee: Short sword       |     1 |     6 |       ||     7
       Headbutt          |       |     1 |       ||     1
       Battleaxe         |       |       |     1 ||     1
 Fire: Shortbow          |    75 |   121 |   151 ||   347
Evoke: Wand              |       |     2 |       ||     2
  Use: Scroll            |     2 |     7 |     3 ||    12
  Eat: Bread ration      |     1 |       |       ||     1
       Meat ration       |       |     1 |       ||     1
       Royal jelly       |       |       |     1 ||     1
Armor: Leather armour    |    14 |    10 |     5 ||    29
Dodge: Dodged            |    22 |    25 |    21 ||    68
